 Dungeon Crawl Stone Soup version 0.29.1-2-gbd0b4ee654 (webtiles) character file.

Game seed: 13271986624773663944

137 GorkyZ the Shield-Bearer (level 5, -10/42 HPs)
             Began as a Formicid Fighter on Nov 20, 2022.
             Collided with a rock wall (12 damage)
             ... caused by a wretched star
             ... on level 2 of the Abyss.
             The game lasted 00:09:19 (2863 turns).

GorkyZ the Shield-Bearer (Formicid Fighter)         Turns: 2863, Time: 00:09:23

Health: -10/42     AC: 11    Str: 29    XL:     5   Next: 44%
Magic:  5/5        EV:  8    Int:  7    God:
Gold:   140        SH:  5    Dex: 13    Spells: 4/4 levels left

rFire   . . .      SeeInvis +   a - +0 quarterstaff
rCold   . . .      Faith    .   c - +0 buckler
rNeg    . . .      Spirit   .   l - +0 chain mail
rPois   .          Reflect  .   (helmet unavailable)
rElec   .          Harm     .   (no cloak)
rCorr   .          Rampage  .   u - +0 pair of gloves
Will    .....                   g - +0 pair of boots
Stlth   ..........              (no amulet)
HPRegen 0.14/turn               i - +6 ring of strength
MPRegen 0.09/turn               (no ring)

@: no status effects
A: permanent stasis, dig shafts and tunnels, antennae 3, four strong arms
a: Dig, Shaft Self


You were on level 2 of the Abyss.
You visited 1 branch of the dungeon, and saw 3 of its levels.
You visited the Abyss 1 time.

You collected 164 gold pieces.
You spent 24 gold pieces at shops.

Inventory:

Hand Weapons
 a - a +0 quarterstaff (weapon)
 x - a +2 whip of electrocution
 y - a +1 quarterstaff of distortion
Missiles
 k - 3 poisoned darts
Armour
 b - a +0 scale mail
 c - a +0 buckler (worn)
 g - a +0 pair of boots (worn)
 l - a +0 chain mail (worn)
 u - a +0 pair of gloves (worn)
Jewellery
 h - an amulet of magic regeneration
 i - a +6 ring of strength (left hand)
 v - a +6 ring of intelligence
Scrolls
 e - a scroll of magic mapping {unknown}
 j - a scroll of enchant weapon {unknown}
 m - a scroll of vulnerability {unknown}
 n - 5 scrolls of identify
 p - a scroll of fear {unknown}
 q - 3 scrolls of teleportation {unknown}
 r - a scroll of acquirement {unknown}
 s - a scroll of poison {unknown}
Potions
 d - a potion of might
 f - 2 potions of haste {unknown}
 o - 2 potions of berserk rage {unknown}
 t - a potion of curing {unknown}
 w - a potion of lignification {unknown}


   Skills:
 + Level 4.1 Fighting
 - Level 2.0 Staves
 + Level 1.8 Throwing
 + Level 4.0 Armour
 + Level 5.0 Shields
 + Level 2.0 Evocations


You had 4 spell levels left.
You didn't know any spells.
Your spell library contained the following spells:

 Spells                   Type           Power      Damage    Failure   Level
 Portal Projectile        Hex/Tloc       0%         N/A       100%        3
 Tukima's Dance           Hex            0%         N/A       100%        3
 Blade Hands              Tmut           0%         N/A       100%        5


Dungeon Overview and Level Annotations

Branches:
Dungeon (3/15)

Altars:

Shops:
D:1 *


Innate Abilities, Weirdness & Mutations

You cannot be hasted, slowed, berserked, paralysed or teleported.
You can dig through walls and to a lower floor.
You have a pair of large antennae on your head. (SInv)
Your four strong arms can wield two-handed weapons with a shield.


Message History

You kill the giant cockroach!
No target in view!
You see here a giant cockroach corpse.
There is a stone staircase leading down here.
Done exploring.
Done exploring.
You see here the +1 robe of Protective Custody {Will+ Str+4}.
There is a stone staircase leading down here.
You see here a +1 quarterstaff of distortion.
y - a +1 quarterstaff of distortion
Okay, then.
Really wield
y - a +1 quarterstaff of distortion?
Uppercase [Y]es or [N]o only, please.
Really wield
y - a +1 quarterstaff of distortion?
Space warps around you for a moment!
y - a +1 quarterstaff of distortion (weapon)
Okay, then.
You are now empty-handed.
You are cast into the Abyss!
This branch contains the abyssal rune of Zot.
Beware, you cannot shaft yourself on this level.
Found a roughly hewn altar of Beogh.
Okay, then.
a - a +0 quarterstaff (weapon)
There is a roughly hewn altar of Beogh here.
There is a roughly hewn altar of Beogh here.
You sense a monster nearby.
You sense a monster nearby.
A wretched star comes into view.
The wretched star glows turbulently.
The lance of force hits you!
You are knocked back by the lance of force.
You slam into the rock wall!
The wretched star glows turbulently.
The lance of force hits you!!
Ouch! That really hurt!
* * * LOW HITPOINT WARNING * * *
You are knocked back by the lance of force.
You slam into the rock wall!
You die...

. x { # #ยง {
.#. ###.# ###
####...##...#
#..##....#
##...#@.*#
##.##..#...#
#.#.########
#.#...# #..##
.# #.. . ..#
# # # #.#...#
.# # . #.. .
....#.# .#
#.##..##.. ##
##..... ..# #


You could see a wretched star and an ancient zyme (wandering).

Vanquished Creatures
  A gnoll (D:1)
  3 adders (D:2)
  A worm (D:2)
  2 dart slugs (D:1)
  13 ball pythons
  8 endoplasms
  8 giant cockroaches
  7 goblins
  5 hobgoblins (D:1)
  3 jackals (D:1)
  8 kobolds
  5 quokkas
  9 bats
  6 frilled lizards
  11 rats
90 creatures vanquished.

Notes
Turn   | Place    | Note
-------+----------+-------------------------------------------
     0 | D:1      | GorkyZ the Formicid Fighter began the quest for the Orb.
     0 | D:1      | Reached XP level 1. HP: 18/18 MP: 1/1
   108 | D:1      | Reached XP level 2. HP: 23/24 MP: 2/2
   387 | D:1      | Reached XP level 3. HP: 23/29 MP: 3/3
   388 | D:1      | Reached skill level 1 in Evocations
   399 | D:1      | Reached skill level 1 in Throwing
   493 | D:1      | Found Geunefan's General Store.
   511 | D:1      | Bought a scroll of identify for 24 gold pieces
   618 | D:1      | Reached XP level 4. HP: 27/37 MP: 4/4
   837 | D:1      | You fall into a shaft and drop 1 floor!
   866 | D:1      | Found a faded altar of an unknown god.
  1355 | D:2      | Reached XP level 5. HP: 42/42 MP: 5/5
  1776 | D:3      | Identified the +1 robe of Protective Custody {Will+ Str+4}
  2056 | D:3      | Reached skill level 5 in Shields
  2820 | Abyss:2  | Cast into level 2 of the Abyss (unwielding a weapon of
                  | distortion)
  2862 | Abyss:2  | Noticed a wretched star
  2863 | Abyss:2  | Noticed an ancient zyme
  2863 | Abyss:2  | HP: 2/42 [wretched star/lance of force (21)]
  2863 | Abyss:2  | Collided with a rock wall

Illustrated notes

Levels and vault maps discovered:
D:1:      saegor_arrival_miasma, layout_loops_ring,
          nicolae_ecumenical_snake_handling, serial_shops, shop, minmay_cupped
D:2:      layout_rooms, minmay_split_cup_large
D:3:      layout_basic
Abyss:2:  base:
D:1

Skill      XL: |  1  2  3  4  5 |
---------------+----------------+-----
Evocations     | 1 2 |  2.0
Throwing       | 1 |  1.8
Fighting       | 4 |  4.1
Armour         | 4 |  4.0
Shields        | 5 |  5.0
Staves         | |  2.0

Action                   |  1- 3 |  4- 6 || total
-------------------------+-------+-------++-------
Melee: Quarterstaff      |    80 |   138 ||   218
Armor: Scale mail        |     5 |       ||     5
       Chain mail        |    40 |    79 ||   119
Dodge: Dodged            |    47 |    51 ||    98
Block: Buckler           |    26 |    22 ||    48
